 Dungeon Crawl Stone Soup version 0.28-a0-537-g3bccd9ccbf (webtiles) character file.

Game seed: 4267377928478356706

100 Spaninq the Digger (level 4, -2/34 HPs)
             Began as a Palentonga Earth Elementalist on Sept 27, 2021.
             Succumbed to a scorpion's poison
             ... on level 4 of the Dungeon.
             The game lasted 00:07:52 (3708 turns).

Spaninq the Digger (Palentonga Earth Elementalist)  Turns: 3708, Time: 00:07:52

Health: -2/34      AC:  6    Str: 11    XL:     4   Next: 47%
Magic:  1/8        EV:  9    Int: 16    God:
Gold:   65         SH:  0    Dex: 11    Spells: 3/9 levels left

rFire   . . .      SeeInvis +   p - +0 dagger (vamp)
rCold   . . .      Faith    .   (no shield)
rNeg    . . .      Spirit   .   b - +0 robe
rPois   .          Reflect  .   r - +0 helmet
rElec   .          Harm     .   f - +0 cloak
rCorr   .          Rampage  .   (no gloves)
Will    .....                   (no barding)
Stlth   ++........              (no amulet)
HPRegen 0.11/turn               (no ring)
MPRegen 0.11/turn               (no ring)

@: lethally poisoned (-2 -> -18), attractive
A: large, rugged brown scales 3, see invisible, deformed body, roll 1, armoured
tail
a: Rolling Charge


You were on level 4 of the Dungeon.
You visited 1 branch of the dungeon, and saw 4 of its levels.

You collected 65 gold pieces.

Inventory:

Hand Weapons
 p - a +0 vampiric dagger (weapon)
Missiles
 c - 57 stones
 o - 3 silver javelins
Armour
 b - a +0 robe (worn)
 f - a +0 cloak (worn)
 r - a +0 helmet (worn)
Magical Staves
 k - a staff of cold
Jewellery
 s - a +4 ring of evasion
 u - a ring of wizardry
Scrolls
 d - a scroll of teleportation {unknown}
 e - a scroll of immolation {unknown}
 g - a scroll of amnesia {unknown}
 i - a scroll of noise {unknown}
 j - a scroll of magic mapping {unknown}
 l - a scroll of enchant armour {unknown}
 n - a scroll of identify {unknown}
 v - a scroll of enchant weapon {unknown}
Potions
 a - a potion of invisibility {unknown}
 h - a potion of attraction
 m - a potion of lignification {unknown}
 q - a potion of degeneration {unknown}
 t - a potion of haste {unknown}
 w - a potion of curing {unknown}


   Skills:
 + Level 1.3 Fighting
 - Level 1.5 Dodging
 - Level 1.2 Stealth
 * Level 3.0 Spellcasting
 * Level 1.3 Conjurations
 - Level 1.0 Transmutations
 * Level 3.5 Earth Magic


You had 3 spell levels left.
You knew the following spells:

 Your Spells              Type           Power      Damage    Failure   Level
a - Sandblast             Erth           26%        2d8       4%          1
b - Passwall              Tmut/Erth      7%         N/A       11%         2
c - Stone Arrow           Conj/Erth      20%        3d8       21%         3

Your spell library contained the following spells:

 Spells                   Type           Power      Damage    Failure   Level
 Summon Small Mammal      Summ           8%         N/A       19%         1
 Call Canine Familiar     Summ           2%         N/A       50%         3
 Summon Guardian Golem    Hex/Summ       2%         N/A       50%         3
 Petrify                  Tmut/Erth      9%         N/A       58%         4


Dungeon Overview and Level Annotations

Branches:
Dungeon (4/15)
 Temple: D:4-7

Altars:


Innate Abilities, Weirdness & Mutations

You are completely covered in rugged brown scales. (AC +3, +7% HP)
You have supernaturally acute eyesight. (SInv)
Armour fits poorly on your strangely shaped body.
You can roll at nearby foes to attack.
You have a long armoured tail.


Message History

The scorpion is moderately wounded.
You feel sick. The scorpion closely misses you.
Unknown command.
Casting: Sandblast (safe; 4% risk of failure)
Confirm with . or Enter, or press ? or * to list all spells.
Aiming: Sandblast (safe; 4% risk of failure)
Press: ? - help, Shift-Dir - straight line, f/p - scorpion
Aim: a scorpion (moderately wounded, 79% to hit)
The blast of sand hits the scorpion.
The scorpion is heavily wounded.
You feel sick. The scorpion stings you.
You are more poisoned.
The scorpion poisons you!
Casting: Sandblast (safe; 4% risk of failure)
Confirm with . or Enter, or press ? or * to list all spells.
Aiming: Sandblast (safe; 4% risk of failure)
Press: ? - help, Shift-Dir - straight line, f/p - scorpion
Aim: a scorpion (heavily wounded, 79% to hit)
The blast of sand misses the scorpion.
You feel very sick. The scorpion stings you.
Casting: Sandblast (safe; 4% risk of failure)
Confirm with . or Enter, or press ? or * to list all spells.
Aiming: Sandblast (safe; 4% risk of failure)
Press: ? - help, Shift-Dir - straight line, f/p - scorpion
Aim: a scorpion (heavily wounded, 79% to hit)
The blast of sand hits the scorpion but does no damage.
The scorpion is heavily wounded.
You feel sick. The scorpion barely misses you. The scorpion stings you.
Unknown command.
You hit the scorpion but do no damage. You tail-slap the scorpion.
The scorpion is severely wounded.
* * * LOW HITPOINT WARNING * * *
You feel sick. The scorpion stings you!
* * * LOW HITPOINT WARNING * * *
You are more poisoned.
The scorpion poisons you!
It was a potion of attraction.
You feel attractive to monsters.
You die...

##........#
#.........
#.......
...... ....
##.##
#.#####...####
.K.....<..@.<+
#######..s####
##.## #.# ...
##... #...
.....


You could see a scorpion.

Vanquished Creatures
  A gnoll (D:2)
  3 adders
  A worm (D:2)
  A dart slug (D:3)
  An orc (D:3)
  10 bats
  3 endoplasms
  A giant cockroach (D:2)
  4 goblins
  5 hobgoblins
  2 jackals (D:1)
  2 quokkas
  10 ball pythons
  2 frilled lizards (D:3)
  3 kobolds
  9 rats
58 creatures vanquished.

Notes
Turn   | Place    | Note
-------+----------+-------------------------------------------
     0 | D:1      | Spaninq the Palentonga Earth Elementalist began the quest
                  | for the Orb.
     0 | D:1      | Reached XP level 1. HP: 13/13 MP: 3/3
   596 | D:1      | Reached XP level 2. HP: 17/21 MP: 5/5
  1270 | D:2      | Learned a level 2 spell: Passwall
  1584 | D:2      | Reached XP level 3. HP: 12/26 MP: 2/6
  1752 | D:2      | Learned a level 3 spell: Stone Arrow
  1848 | D:2      | Reached skill level 1 in Fighting
  2322 | D:3      | Reached skill level 1 in Conjurations
  2322 | D:3      | Reached XP level 4. HP: 34/34 MP: 4/8
  2456 | D:3      | Found a faded altar of an unknown god.
  3211 | D:3      | Found a faded altar of an unknown god.
  3695 | D:4      | Noticed a scorpion
  3708 | D:4      | Succumbed to a scorpion's poison

Illustrated notes

Levels and vault maps discovered:
D:1:      dpeg_arrival_castle, layout_loops_cross, minmay_misc_feat_alley,
          kennysheep_decorative_pillar
D:2:      layout_basic, st_stairs_6, hangedman_decor_growths, grunt_ministairs_6
D:3:      layout_loops_ring, basic_ecumenical_altar
D:4:      layout_loops_corners, grunt_temple_overflow_gold_and_silver

Skill      XL: |  1  2  3  4 |
---------------+-------------+-----
Earth Magic    | 3 |  3.5
Fighting       | 1 |  1.3
Conjurations   | 1 |  1.3
Spellcasting   | 3 |  3.0
Dodging        | |  1.5
Stealth        | |  1.2
Transmutations | |  1.0

Action                   |  1- 3 |  4- 6 || total
-------------------------+-------+-------++-------
Melee: Dagger            |   149 |    51 ||   200
       Tailslap          |    15 |     7 ||    22
 Cast: Sandblast         |    12 |    18 ||    30
 Abil: Rolling Charge    |     1 |       ||     1
  Use: Potion            |       |     1 ||     1
 Stab: Sleeping          |     4 |     2 ||     6
Armor: Robe              |    71 |    20 ||    91
Dodge: Dodged            |    95 |    25 ||   120

Table legend: (Time is in decaauts)
 A = Elapsed time spent in this place.
 B = Non-inter-level travel time spent in this place.
 C = Inter-level travel time spent in this place.
 D = Time resting spent in this place.
 E = Time spent auto-exploring this place.
 F = Levels seen in this place.
 G = Mean time per level.
                   A        B        C        D        E       F      G
               +--------+--------+--------+--------+--------+-----+--------+
         Total |   3708 |   3662 |     46 |    405 |   2612 |   4 |  927.0 |
       Dungeon |   3708 |   3662 |     46 |    405 |   2612 |   4 |  927.0 |
               +--------+--------+--------+--------+--------+-----+--------+

Top non-repeatable levels by time:
     D:3: 1398 daAuts
     D:1: 1264 daAuts
     D:2: 1032 daAuts
     D:4: 12 daAuts
